 Dungeon Crawl Stone Soup version 0.24-a0-581-gc0fa6600bf (webtiles) character file.

Game seed: 9295843936951289464

352 Eightlegvermin the Insei (level 6, -7/38 HPs)
             Began as an Octopode Transmuter on Aug 25, 2019.
             Mangled by a gnoll
             ... wielding a +0 halberd
              (8 damage)
             ... on level 4 of the Dungeon.
             The game lasted 00:11:08 (3439 turns).

Eightlegvermin the Insei (Octopode Transmuter)      Turns: 3439, Time: 00:11:08

Health: -7/38      AC:  2    Str:  9    XL:     6   Next: 62%
Magic:  5/9        EV: 20    Int: 16    God:
Gold:   217        SH:  0    Dex: 19    Spells: 3/9 levels left

rFire    . . .     SeeInvis .     - Unarmed
rCold    . . .     Gourm    .   (shield currently unavailable)
rNeg     . . .     Faith    .   (helmet currently unavailable)
rPois    .         Spirit   .   p - amulet of rage
rElec    .         Reflect  .   k - ring of poison resistance
rCorr    .         Harm     .   (no ring)
MR       .....                  (no ring)
Stlth    +++.......             (no ring)
HPRegen  0.12/turn              (no ring)
MPRegen  0.11/turn              (no ring)
                                (no ring)
                                (no ring)

@: spider-form (expiring)
A: tiny, almost no armour, stealthy swim, (amphibious), 8 rings, (constrict 8)
a: End Transformation, Evoke Berserk Rage


You were on level 4 of the Dungeon.
You were not hungry.
You were a venomous arachnid creature.
You visited 1 branch of the dungeon, and saw 4 of its levels.

You collected 217 gold pieces.

Inventory:

Missiles
 a - 34 arrows
 m - 8 boomerangs (quivered)
Jewellery
 k - a ring of poison resistance (left front leg)
 p - an amulet of rage (around neck)
Wands
 s - a wand of digging (7)
Scrolls
 b - a scroll of blinking {unknown}
 f - 2 scrolls of remove curse {unknown}
 j - a scroll of fog {unknown}
 l - 4 scrolls of identify {unknown}
 t - a scroll of immolation {unknown}
 u - a scroll of enchant armour {unknown}
 v - a scroll of random uselessness {unknown}
 w - a scroll of magic mapping {unknown}
Potions
 d - 2 potions of might {unknown}
 e - 2 potions of curing
 g - a potion of cancellation {unknown}
 h - 2 potions of lignification {unknown}
 i - a potion of mutation {unknown}
 n - a potion of berserk rage {unknown}
 o - a potion of degeneration {unknown}
 q - 2 potions of agility {unknown}
 r - 2 potions of ambrosia {unknown}
Comestibles
 c - 7 rations


   Skills:
 - Level 1.0 Fighting
 - Level 2.0 Dodging
 - Level 4.1 Stealth
 + Level 4.6 Unarmed Combat
 - Level 2.1 Spellcasting
 * Level 4.4 Transmutations
 - Level 2.0 Poison Magic


You had 3 spell levels left.
You knew the following spells:

 Your Spells              Type           Power        Failure   Level  Hunger
a - Beastly Appendage     Tmut           ###...       11%         1    #......
b - Sticks to Snakes      Tmut           ###.....     14%         2    ###....
c - Spider Form           Tmut/Pois      ##........   34%         3    ###....

Your spell library contained the following spells:

 Spells                   Type           Power        Failure   Level  Hunger
 Ice Form                 Ice/Tmut       #.......     82%         4    #####..
 Blade Hands              Tmut           ###.......   85%         5    ######.


Dungeon Overview and Level Annotations

Branches:
Dungeon (4/15)
 Temple: D:4-7

Altars:
Ashenzari
Okawaru
Uskayaw
Wu Jian

Annotations:
D:3 exclusion: downstairs


Innate Abilities, Weirdness & Mutations

You cannot wear most types of armour.
You are very stealthy in the water. (Stealth+)
((You are amphibious.))
You can wear up to eight rings at the same time.
((You can use your tentacles to constrict eight enemies at once.))
((Your skin changes colour to match your surroundings (Stealth+).))
((Your rubbery body absorbs attacks. (AC +1, EV +1)))


Message History

The adder poisons you! The gnoll closely misses you. The adder misses you.
You barely miss the adder.
You feel sick. The gnoll closely misses you. The adder closely misses you.
The gnoll completely misses you.
You hit the adder.
The adder is poisoned.
The adder is heavily wounded.
The gnoll hits you from afar with a +0 halberd!!
Ouch! That really hurt!
* * * LOW HITPOINT WARNING * * *
The adder closely misses you.
* * * LOW HITPOINT WARNING * * *
You feel sick. The gnoll misses you. The adder closely misses you.
The gnoll misses you. The adder barely misses you.
* * * LOW HITPOINT WARNING * * *
You feel sick. The gnoll misses you.
It was a potion of curing.
You feel better.
The gnoll hits you from afar with a +0 halberd!
* * * LOW HITPOINT WARNING * * *
The adder misses you. The gnoll hits you with a +0 halberd!
You die...

# #.# #.
#.######### #.
#..........
#..#..........
##..#..........
#....[.........
#.###g...##### #
#.Sg.#########..
#.s.............
#...............
#......)........
########.######
#....#
#########.#####
#.....>.......#
#.............#
#...).........#


You could see 2 gnolls and an adder.

Vanquished Creatures
  An ogre (D:4)
  A scorpion (D:4)
  A howler monkey (D:4)
  Ijyb (D:3)
  A worker ant (D:4)
  A gnoll (D:4)
  An ooze (D:2)
  A worm (D:4)
  2 leopard geckos
  An orc (D:3)
  A ball python (D:2)
  4 giant cockroaches
  18 goblins
  5 hobgoblins
  7 jackals (D:3)
  6 kobolds
  4 quokkas
  8 bats
  8 rats
72 creatures vanquished.

Vanquished Creatures (collateral kills)
  Sigmund (D:2)
1 creature vanquished.

Grand Total: 73 creatures vanquished

Notes
Turn   | Place    | Note
-------+----------+-------------------------------------------
     0 | D:1      | Eightlegvermin the Octopode Transmuter began the quest for
                  | the Orb.
     0 | D:1      | Reached XP level 1. HP: 13/13 MP: 3/3
   141 | D:1      | Reached XP level 2. HP: 18/18 MP: 1/5
   242 | D:1      | Reached skill level 1 in Stealth
   311 | D:1      | Learned a level 2 spell: Sticks to Snakes
   756 | D:2      | Reached XP level 3. HP: 14/23 MP: 6/6
   937 | D:2      | Found an iron altar of Okawaru.
   944 | D:2      | Noticed Sigmund
  1519 | D:2      | Killed Sigmund
  1519 | D:2      | Reached XP level 4. HP: 28/28 MP: 0/7
  1519 | D:2      | Reached XP level 5. HP: 33/33 MP: 0/8
  1524 | D:2      | Learned a level 3 spell: Spider Form
  1696 | D:3      | Found an ornate altar of the Wu Jian Council.
  1922 | D:3      | Noticed Ijyb
  1931 | D:3      | Killed Ijyb
  2031 | D:3      | Found a shattered altar of Ashenzari.
  2128 | D:3      | Noticed a +0 dagger
  2129 | D:3      | Noticed a +0 dagger
  2130 | D:3      | Found a hide-covered altar of Uskayaw.
  2409 | D:3      | Reached skill level 1 in Poison Magic
  2972 | D:4      | Reached XP level 6. HP: 18/38 MP: 9/9
  3439 | D:4      | HP: 1/38 [gnoll/+0 halberd (7)]
  3439 | D:4      | Mangled by a gnoll

Levels and vault maps discovered:
D:1:      minmay_arrival_solitary_statue, layout_rooms,
          minmay_misc_feat_nine_boxes
D:2:      layout_loops_ring, lemuel_crystal_altar, kennysheep_generic_room_15,
          uniq_sigmund
D:3:      kennysheep_goblin_castle, layout_basic, lemuel_round_altar,
          ashenzari_conservatory_becter, dancing_weapons_uskayaw, first_ration
D:4:      layout_basic, gammafunk_ghost_necromancy

Skill      XL: |  1  2  3  4  5  6 |
---------------+-------------------+-----
Stealth        | 2 4 |  4.1
Unarmed Combat | 4 |  4.6
Transmutations | 3 4 |  4.4
Poison Magic   | 1 2 |  2.0
Fighting       | |  1.0
Dodging        | |  2.0
Spellcasting   | |  2.1

Action                   |  1- 3 |  4- 6 || total
-------------------------+-------+-------++-------
Melee: Unarmed           |    71 |    98 ||   169
       Constrict         |    23 |    16 ||    39
       Kick              |    15 |     4 ||    19
       Tentacles         |     7 |     5 ||    12
       Punch             |       |     2 ||     2
 Cast: Beastly Appendage |    23 |     6 ||    29
       Sticks to Snakes  |     2 |     4 ||     6
       Spider Form       |       |     9 ||     9
  Use: Potion            |       |     2 ||     2
 Stab: Sleeping          |     7 |     4 ||    11
  Eat: Chunk             |     2 |     6 ||     8
       Ration            |       |     1 ||     1
Armor: Skin              |     8 |     1 ||     9
Dodge: Dodged            |    56 |    92 ||   148

Table legend:
 A = Non-vault XP
 B = Vault XP
 C = Vault XP percentage of total XP
 D = Non-vault monster count
 E = Vault monster count
 F = Vault count percentage of total count
                 A         B        C        D         E       F
            +---------+---------+-------+---------+---------+-------
      Total |     338 |     166 |  32.9 |      58 |      15 |  20.5
            +---------+---------+-------+---------+---------+-------
        D:1 |      25 |       0 |   0.0 |      16 |       0 |   0.0
        D:2 |      37 |     106 |  74.1 |      19 |       3 |  13.6
        D:3 |      32 |      60 |  65.2 |      16 |      12 |  42.9
        D:4 |     244 |       0 |   0.0 |       7 |       0 |   0.0
            +---------+---------+-------+---------+---------+-------
